Panthers vs Rangers (R2)

Created - May 4, 2018 at 22:11

Goals
1 2 3 T
Panthers 0 2 0 2
Rangers 2 1 2 5
Shots
1 2 3 T
Panthers 7 13 6 26
Rangers 5 10 7 22

1st period

1. Rangers , Jakob Silfverberg 27 (Stephen Weiss 27) at 15:12 (PP)
2. Rangers , Milan Lucic 52 (Patrice Bergeron 44) at 16:24 (PP)

Penalties :
Patrice Bergeron (NYR) for Hooking (Minor) at 3:06, Jeff Tambellini (Flo) for Holding (Minor) at 8:38, Matt Greene (NYR) for Tripping (Minor) at 12:19, Jonathan Sigalet (Flo) for Holding (Minor) at 14:58, Erik Gudbranson (Flo) for Tripping (Minor) at 16:21

2nd period

3. Panthers , Tomas Kopecky 17 (Jeff Tambellini 13, Brayden Schenn 28) at 7:18 (PP)
4. Rangers , James Neal 33 (Cam Barker 36, Patrice Bergeron 45) at 7:45 (SH)
5. Panthers , Brayden Schenn 15 (Jeff Tambellini 14) at 8:20 (PP)

Penalties :
Matt Greene (NYR) for Hooking (Minor) at 2:30, Stephen Weiss (NYR) for Holding Stick (Minor) at 6:28, Milan Lucic (NYR) for Interference (Minor) at 7:28, Daniel Paille (Flo) for Roughing (Minor) at 9:39, Patrick Marleau (Flo) for High sticking (Minor) at 14:21, Darren Reid (NYR) for Holding (Minor) at 19:46

3rd period

6. Rangers , James Neal 34 (Milan Lucic 65, Patrice Bergeron 46) at 2:23 (PP)
7. Rangers , Mike Cammalleri 15 (Jakob Silfverberg 43) at 12:52

Penalties :
Shawn Horcoff (Flo) for Hooking (Minor) at 2:06, Cory Emmerton (Flo) for Interference (Minor) at 5:52, Patrice Bergeron (NYR) for Holding (Minor) at 8:49, Erik Gudbranson (Flo) for Unsportsmanlike conduct (Minor) at 14:38

Goalie Stats

Antti Niemi (Flo), 13 saves from 17 shots - (0.765), L, 21-28-5, 42:23 minutes
Petr Mrazek (Flo), 4 saves from 5 shots - (0.800), 17:37 minutes
Henrik Lundqvist (NYR), 24 saves from 26 shots - (0.923), W, 30-21-4, 60:00 minutes

Players Stats for Panthers

Player Name              G  A  P  +/- PIM S  H  SB GA TA FO     MP     PP MP  PK MP  
------------------------------------------------------------------------------------
Alexander Perezhogin     0  0  0   0  0   2  0  0  0  0  0/1     8:07   0:09   0:00 
Brayden Schenn           1  1  2   0  0   1  4  1  1  0  9/23   20:11   4:58   5:37 
Brendan Smith            0  0  0   0  0   2  1  0  0  0  0/0    22:30   4:26   6:39 
Cory Emmerton            0  0  0  -2  2   1  2  0  1  0  15/31  19:37   6:30   0:15 
Daniel Paille            0  0  0   0  2   2  2  0  1  0  0/0     9:52   0:09   1:57 
Daniel Sedin             0  0  0  -2  0   2  5  0  1  1  0/1    19:44   6:30   0:19 
Drew Stafford            0  0  0  -2  0   5  3  0  0  0  1/3    25:12   6:30   5:52 
Erik Gudbranson          0  0  0   0  4   0  0  3  0  0  0/0    15:26   4:26   0:14 
George Parros            0  0  0   0  0   1  0  0  0  1  0/0     6:58   0:00   0:00 
Ian White                0  0  0  -2  0   2  0  2  1  0  0/0    23:24   7:11   0:00 
Jeff Tambellini          0  2  2   0  2   3  0  0  0  0  0/0    14:28   4:58   0:00 
Jonathan Matsumoto       0  0  0   0  0   0  0  0  0  0  1/3     7:34   0:00   0:13 
Jonathan Sigalet         0  0  0   0  2   1  0  0  0  1  0/0    14:15   0:00   3:36 
Matthew Spiller          0  0  0   0  0   0  0  1  0  0  0/0    14:06   0:00   3:50 
Michal Rozsival          0  0  0  -2  0   2  1  5  0  1  0/0    30:17   7:11   6:39 
Patrick Marleau          0  0  0   0  2   0  0  1  0  1  1/1    11:06   0:09   2:21 
Shawn Horcoff            0  0  0   0  2   0  2  2  0  0  4/8    12:38   0:00   4:24 
Tomas Kopecky            1  0  1   0  0   2  2  0  0  0  0/0    13:58   4:58   0:00 

Players Stats for Rangers

Player Name              G  A  P  +/- PIM S  H  SB GA TA FO     MP     PP MP  PK MP  
------------------------------------------------------------------------------------
Alex Tanguay             0  0  0   0  0   2  1  0  0  1  0/0    16:31   6:20   1:18 
Alexei Emelin            0  0  0   0  0   1  0  0  0  0  0/0     9:56   0:00   1:27 
Cam Barker               0  1  1   2  0   1  0  4  1  1  0/0    30:12   6:20   7:33 
Darren Reid              0  0  0   0  2   1  1  0  0  0  0/0     9:15   0:23   0:00 
Jakob Silfverberg        1  1  2   1  0   3  1  0  0  1  1/1    19:18   4:47   3:29 
James Neal               2  0  2   1  0   2  4  0  1  0  0/0    24:35   5:19   6:50 
Mark Fistric             0  0  0   2  0   0  2  2  1  0  0/0    26:43   4:09   7:33 
Matt Greene              0  0  0   0  4   1  1  0  0  0  0/0    20:06   4:09   2:37 
Matt Read                0  0  0   0  0   0  1  0  1  0  1/1     6:45   0:23   0:00 
Mike Cammalleri          1  0  1   1  0   1  0  0  0  0  0/0    16:03   4:47   0:00 
Milan Lucic              1  1  2   0  2   6  1  0  0  1  9/12   23:33   5:19   6:04 
Nathan Gerbe             0  0  0   0  0   0  4  0  0  0  0/0     6:32   0:23   0:00 
Patrice Bergeron         0  3  3   1  4   1  3  0  0  0  16/34  20:32   5:19   2:48 
Ryan Suter               0  0  0   0  0   0  1  1  0  0  0/0    17:13   0:00   4:04 
Sean Couturier           0  0  0   0  0   0  1  1  0  1  3/5     8:25   0:00   2:36 
Staffan Kronwall         0  0  0   0  0   0  1  0  0  0  0/0     8:26   0:00   0:00 
Stephen Weiss            0  1  1   1  2   2  1  0  0  0  8/13   15:59   4:47   0:09 
Valtteri Filppula        0  0  0   0  0   1  1  0  1  0  2/5     8:12   0:00   0:00 

3 Stars

1 - James Neal (NYR)
2 - Jakob Silfverberg (NYR)
3 - Brayden Schenn (Flo)

Power Play

Panthers - 2 on 7 Attempt(s) - 28.57%
Rangers - 3 on 8 Attempt(s) - 37.50%

Penalty Kill

Panthers - 5 on 8 Attempt(s) - 62.50% - Score 0 goal in Penalty Kill
Rangers - 5 on 7 Attempt(s) - 71.43% - Score 1 goal in Penalty Kill

Team Stat

Panthers - Hits : 22 - Faceoff Wins : 31 - Blocked Shots : 15 - Penalty Minutes : 16
Rangers - Hits : 24 - Faceoff Wins : 40 - Blocked Shots : 8 - Penalty Minutes : 14

Official

Referees : StLaurent Francois and Kowal Tom
Linesman : Bryan Pancich and Scott Cherrey

Game Notes

Petr Mrazek enters game at 2:23 of 3rd period

Finance

Level 1 -- Attendance: 4915 (81.92%) -- Ticket Income $466,925
Level 2 -- Attendance: 3452 (69.04%) -- Ticket Income $207,120
Level 3 -- Attendance: 1717 (85.85%) -- Ticket Income $60,095
Level 4 -- Attendance: 3806 (95.15%) -- Ticket Income $95,150
Luxury Box -- Attendance: 663 (66.30%) -- Ticket Income $119,340
Game was played at the Madison Square Garden.
Total Attendance: 14553 (80.85%)
Total Ticket Income: $948,630
Other Income: $142,294
Total Income: $1,090,924

Panthers

5 vs 5 Forward 
   Center                   Left Wing                Right Wing               Time % Phy DF OF 
 1 Cory Emmerton            Daniel Sedin             Drew Stafford            40     1   2  2  
 2 Brayden Schenn           Jeff Tambellini          Tomas Kopecky            30     1   2  2  
 3 Shawn Horcoff            Patrick Marleau          Alexander Perezhogin     20     1   2  2  
 4 Jonathan Matsumoto       Daniel Paille            George Parros            10     1   2  2  

5 vs 5 Defense 
   Defense                  Defense                                           Time % Phy DF OF 
 1 Ian White                Michal Rozsival                                   40     1   2  2  
 2 Brendan Smith            Erik Gudbranson                                   30     1   2  2  
 3 Jonathan Sigalet         Matthew Spiller                                   20     1   2  2  
 4 Ian White                Michal Rozsival                                   10     1   2  2  

PowerPlay Forward 
   Center                   Left Wing                Right Wing               Time % Phy DF OF 
 1 Cory Emmerton            Daniel Sedin             Drew Stafford            60     1   2  2  
 2 Brayden Schenn           Jeff Tambellini          Tomas Kopecky            40     1   2  2  

PowerPlay Defense
   Defense                  Defense                                           Time % Phy DF OF 
 1 Ian White                Michal Rozsival                                   60     1   2  2  
 2 Brendan Smith            Erik Gudbranson                                   40     1   2  2  

Penalty Kill 4 Players Forward 
   Center                   Wing                     Time % Phy DF OF 
 1 Brayden Schenn           Drew Stafford            60     1   2  2  
 2 Shawn Horcoff            Patrick Marleau          40     1   2  2  

Penalty Kill 4 Players Defense
   Defense                  Defense                  Time % Phy DF OF 
 1 Brendan Smith            Michal Rozsival          60     1   2  2  
 2 Matthew Spiller          Jonathan Sigalet         40     1   2  2  

Penalty Kill - 3 Players Forward 
   Forward                                           Time % Phy DF OF 
 1 Brayden Schenn                                    60     1   2  2  
 2 Drew Stafford                                     40     1   2  2  

Penalty Kill - 3 Players Defense
   Defense                  Defense                  Time % Phy DF OF 
 1 Brendan Smith            Michal Rozsival          60     1   2  2  
 2 Matthew Spiller          Jonathan Sigalet         40     1   2  2  

4 vs 4 Forward 
   Center                   Wing                     Time % Phy DF OF 
 1 Cory Emmerton            Daniel Sedin             60     1   2  2  
 2 Brayden Schenn           Tomas Kopecky            40     1   2  2  

4 vs 4 Defense
   Defense                  Defense                  Time % Phy DF OF 
 1 Ian White                Michal Rozsival          60     1   2  2  
 2 Brendan Smith            Erik Gudbranson          40     1   2  2  

Last Minutes Offensive
   Center                   Left Wing                Right Wing               Defense                  Defense                  
   Cory Emmerton            Daniel Sedin             Drew Stafford            Ian White                Brendan Smith            

Last Minutes Defensive
   Center                   Left Wing                Right Wing               Defense                  Defense                  
   Brayden Schenn           Patrick Marleau          Drew Stafford            Brendan Smith            Michal Rozsival          

Goaltenders
Starting : Antti Niemi              
Backup : Petr Mrazek              

Extra Forwards
Normal : Brayden Schenn, Patrick Marleau, Cory Emmerton - PP : Patrick Marleau, Daniel Sedin - PK : Shawn Horcoff
Extra Defensemen
Normal : Ian White, Brendan Smith, Michal Rozsival - PP : Jonathan Sigalet - PK : Matthew Spiller, Erik Gudbranson
Penalty Shots
Patrick Marleau, Jeff Tambellini, Daniel Sedin, Jonathan Matsumoto, Shawn Horcoff

Scratches
Guillaume Latendresse (Right Ankle Injury), Pavel Kubina (Healthy)

Rangers

5 vs 5 Forward 
   Center                   Left Wing                Right Wing               Time % Phy DF OF 
 1 Patrice Bergeron         Milan Lucic              James Neal               40     1   2  2  
 2 Stephen Weiss            Mike Cammalleri          Jakob Silfverberg        30     1   2  2  
 3 Valtteri Filppula        Alex Tanguay             Darren Reid              20     1   2  2  
 4 Sean Couturier           Nathan Gerbe             Matt Read                10     1   2  2  

5 vs 5 Defense 
   Defense                  Defense                                           Time % Phy DF OF 
 1 Cam Barker               Mark Fistric                                      40     1   2  2  
 2 Matt Greene              Ryan Suter                                        30     1   2  2  
 3 Staffan Kronwall         Alexei Emelin                                     20     1   2  2  
 4 Cam Barker               Mark Fistric                                      10     1   2  2  

PowerPlay Forward 
   Center                   Left Wing                Right Wing               Time % Phy DF OF 
 1 Patrice Bergeron         Milan Lucic              James Neal               60     1   2  2  
 2 Stephen Weiss            Mike Cammalleri          Jakob Silfverberg        40     1   2  2  

PowerPlay Defense
   Defense                  Defense                                           Time % Phy DF OF 
 1 Cam Barker               Alex Tanguay                                      60     1   2  2  
 2 Matt Greene              Mark Fistric                                      40     1   2  2  

Penalty Kill 4 Players Forward 
   Center                   Wing                     Time % Phy DF OF 
 1 Milan Lucic              James Neal               60     1   2  2  
 2 Patrice Bergeron         Jakob Silfverberg        40     1   2  2  

Penalty Kill 4 Players Defense
   Defense                  Defense                  Time % Phy DF OF 
 1 Cam Barker               Mark Fistric             60     1   2  2  
 2 Matt Greene              Ryan Suter               40     1   2  2  

Penalty Kill - 3 Players Forward 
   Forward                                           Time % Phy DF OF 
 1 Milan Lucic                                       60     1   2  2  
 2 Patrice Bergeron                                  40     1   2  2  

Penalty Kill - 3 Players Defense
   Defense                  Defense                  Time % Phy DF OF 
 1 Cam Barker               Mark Fistric             60     1   2  2  
 2 Matt Greene              Ryan Suter               40     1   2  2  

4 vs 4 Forward 
   Center                   Wing                     Time % Phy DF OF 
 1 Milan Lucic              James Neal               60     1   2  2  
 2 Jakob Silfverberg        Mike Cammalleri          40     1   2  2  

4 vs 4 Defense
   Defense                  Defense                  Time % Phy DF OF 
 1 Cam Barker               Mark Fistric             60     1   2  2  
 2 Matt Greene              Ryan Suter               40     1   2  2  

Last Minutes Offensive
   Center                   Left Wing                Right Wing               Defense                  Defense                  
   Patrice Bergeron         Milan Lucic              James Neal               Cam Barker               Mark Fistric             

Last Minutes Defensive
   Center                   Left Wing                Right Wing               Defense                  Defense                  
   Patrice Bergeron         Milan Lucic              James Neal               Cam Barker               Mark Fistric             

Goaltenders
Starting : Henrik Lundqvist         
Backup : Braden Holtby            

Extra Forwards
Normal : Alex Tanguay, Darren Reid, Matt Read - PP : Alex Tanguay, Darren Reid - PK : Patrice Bergeron
Extra Defensemen
Normal : Staffan Kronwall, Alexei Emelin, Matt Greene - PP : Staffan Kronwall - PK : Alexei Emelin, Matt Greene
Penalty Shots
Milan Lucic, James Neal, Jakob Silfverberg, Patrice Bergeron, Stephen Weiss

Scratches
None


% Time on Ice - Panthers

Lines # - Real PCT - Wanted PCT - Time Play
Normal Forward
1 - 36% - 40% - 13:39
2 - 25% - 30% - 9:31
3 - 20% - 20% - 7:46
4 - 18% - 10% - 6:58
Normal Defense
1 - 42% - 40% - 15:53
2 - 31% - 30% - 11:53
3 - 24% - 20% - 9:10
4 - 3% - 10% - 0:58
PP Forward
1 - 57% - 60% - 6:39
2 - 43% - 40% - 4:58
PP Defense
1 - 62% - 60% - 7:11
2 - 38% - 40% - 4:26
PK Forward
1 - 72% - 60% - 7:36
2 - 28% - 40% - 2:53
PK Defense
1 - 63% - 60% - 6:39
2 - 37% - 40% - 3:50
PK3 Forward
1 - 0% - 60%
2 - 0% - 40%
PK3 Defense
1 - 0% - 60%
2 - 0% - 40%
44 Forward
1 - 0% - 60%
2 - 0% - 40%
44 Defense
1 - 0% - 60%
2 - 0% - 40%
Last Minute Offensive  - 0:00
Last Minute Defensive  - 0:00
Total
Forward - 60:00
Defense - 60:00

% Time on Ice - Rangers

Lines # - Real PCT - Wanted PCT - Time Play
Normal Forward
1 - 35% - 40% - 13:17
2 - 29% - 30% - 11:02
3 - 22% - 20% - 8:12
4 - 14% - 10% - 5:23
Normal Defense
1 - 43% - 40% - 16:19
2 - 35% - 30% - 13:09
3 - 22% - 20% - 8:26
4 - 0% - 10% - 0:00
PP Forward
1 - 54% - 60% - 5:42
2 - 46% - 40% - 4:47
PP Defense
1 - 60% - 60% - 6:20
2 - 40% - 40% - 4:09
PK Forward
1 - 70% - 60% - 8:08
2 - 30% - 40% - 3:29
PK Defense
1 - 65% - 60% - 7:33
2 - 35% - 40% - 4:04
PK3 Forward
1 - 0% - 60%
2 - 0% - 40%
PK3 Defense
1 - 0% - 60%
2 - 0% - 40%
44 Forward
1 - 0% - 60%
2 - 0% - 40%
44 Defense
1 - 0% - 60%
2 - 0% - 40%
Last Minute Offensive  - 0:00
Last Minute Defensive  - 0:00
Total
Forward - 60:00
Defense - 60:00

Play by Play

1st period


0:01 of 1st period - Patrice Bergeron wins face-off versus Cory Emmerton in neutral zone.
0:06 of 1st period - Milan Lucic is hit by Daniel Sedin and loses puck.
0:15 of 1st period - Patrice Bergeron is hit by Drew Stafford and loses puck.
1:00 of 1st period - Wrist shot by Darren Reid.
1:00 of 1st period - Shot Misses the Net.
1:41 of 1st period - Snap shot by James Neal.
1:41 of 1st period - Shot Blocked by Erik Gudbranson.
1:53 of 1st period - Jakob Silfverberg is hit by Brendan Smith and loses puck.
2:09 of 1st period - Erik Gudbranson is hit by Stephen Weiss and loses puck.
2:40 of 1st period - Slapshot by Jakob Silfverberg.
2:40 of 1st period - Deflect By Stephen Weiss.
2:40 of 1st period - Shot Misses the Net.
2:40 of 1st period - Puck is out of play.
2:41 of 1st period - Brayden Schenn wins face-off versus Patrice Bergeron in Panthers zone.
2:41 of 1st period - Brayden Schenn is hit by Mark Fistric.
2:44 of 1st period - Icing by Matthew Spiller.
2:45 of 1st period - Milan Lucic wins face-off versus Brayden Schenn in Panthers zone.
3:06 of 1st period - Minor Penalty to Patrice Bergeron for Hooking.
3:07 of 1st period - Milan Lucic wins face-off versus Cory Emmerton in Rangers zone.
3:12 of 1st period - Michal Rozsival is hit by James Neal.
3:20 of 1st period - Mark Fistric is hit by Drew Stafford.
5:06 of 1st period - Penalty to Patrice Bergeron is over, Patrice Bergeron is back on ice.
5:14 of 1st period - Snap shot by Patrice Bergeron.
5:14 of 1st period - Stopped by Antti Niemi without a rebound.
5:15 of 1st period - Shawn Horcoff wins face-off versus Valtteri Filppula in Panthers zone.
5:59 of 1st period - Snap shot by Drew Stafford.
5:59 of 1st period - Stopped by Henrik Lundqvist without a rebound.
6:00 of 1st period - Cory Emmerton wins face-off versus Sean Couturier in Rangers zone.
6:01 of 1st period - Snap shot by Drew Stafford.
6:01 of 1st period - Shot Hit the Post.
6:03 of 1st period - Snap shot by Drew Stafford.
6:03 of 1st period - Shot Misses the Net.
6:05 of 1st period - Snap shot by Daniel Sedin.
6:05 of 1st period - Stopped by Henrik Lundqvist with a rebound.
6:47 of 1st period - Slapshot by Valtteri Filppula.
6:47 of 1st period - Shot Misses the Net.
6:55 of 1st period - Wrist shot by Alexander Perezhogin.
6:55 of 1st period - Deflect By Shawn Horcoff.
6:55 of 1st period - Shot Blocked by Ryan Suter.
6:55 of 1st period - Puck is out of play.
6:56 of 1st period - Patrice Bergeron wins face-off versus Cory Emmerton in Rangers zone.
7:02 of 1st period - Off-side.
7:03 of 1st period - Cory Emmerton wins face-off versus Patrice Bergeron in neutral zone.
7:53 of 1st period - Slapshot by Mike Cammalleri.
7:53 of 1st period - Shot Misses the Net.
8:01 of 1st period - Snap shot by Tomas Kopecky.
8:01 of 1st period - Shot Blocked by Cam Barker.
8:04 of 1st period - Icing by Cam Barker.
8:05 of 1st period - Stephen Weiss wins face-off versus Cory Emmerton in Rangers zone.
8:05 of 1st period - Stephen Weiss is hit by Cory Emmerton.
8:15 of 1st period - Cam Barker is hit by Drew Stafford and loses puck.
8:32 of 1st period - Snap shot by Stephen Weiss.
8:32 of 1st period - Shot Misses the Net.
8:34 of 1st period - Backhand shot by Stephen Weiss.
8:34 of 1st period - Deflect By Jakob Silfverberg.
8:34 of 1st period - Shot Misses the Net.
8:34 of 1st period - Puck is out of play.
8:35 of 1st period - Brayden Schenn wins face-off versus Patrice Bergeron in Panthers zone.
8:35 of 1st period - Brayden Schenn is hit by James Neal.
8:38 of 1st period - Minor Penalty to Jeff Tambellini for Holding.
8:39 of 1st period - Brayden Schenn wins face-off versus Patrice Bergeron in Panthers zone.
9:12 of 1st period - Brayden Schenn is hit by Matt Greene and loses puck.
9:33 of 1st period - Patrick Marleau is hit by Milan Lucic.
10:36 of 1st period - Brendan Smith is hit by Nathan Gerbe and loses puck.
10:38 of 1st period - Penalty to Jeff Tambellini is over, Jeff Tambellini is back on ice.
11:02 of 1st period - Slapshot by Brendan Smith.
11:02 of 1st period - Shot Misses the Net.
11:22 of 1st period - Snap shot by Daniel Paille.
11:22 of 1st period - Stopped by Henrik Lundqvist without a rebound.
11:23 of 1st period - Cory Emmerton wins face-off versus Valtteri Filppula in Rangers zone.
11:47 of 1st period - Matt Greene is hit by Daniel Paille and loses puck.
11:52 of 1st period - Snap shot by Daniel Paille.
11:52 of 1st period - Shot Misses the Net.
11:58 of 1st period - Slapshot by Ian White.
11:58 of 1st period - Stopped by Henrik Lundqvist with a rebound.
12:19 of 1st period - Minor Penalty to Matt Greene for Tripping.
12:20 of 1st period - Milan Lucic wins face-off versus Cory Emmerton in Rangers zone.
12:29 of 1st period - Milan Lucic is hit by Daniel Sedin and loses puck.
12:59 of 1st period - Tomas Kopecky is hit by Jakob Silfverberg and loses puck.
13:22 of 1st period - Slapshot by Drew Stafford.
13:22 of 1st period - Stopped by Henrik Lundqvist with a rebound.
14:19 of 1st period - Penalty to Matt Greene is over, Matt Greene is back on ice.
14:56 of 1st period - Wrist shot by Alex Tanguay.
14:56 of 1st period - Shot Misses the Net.
14:58 of 1st period - Minor Penalty to Jonathan Sigalet for Holding.
14:59 of 1st period - Stephen Weiss wins face-off versus Brayden Schenn in Panthers zone.
15:12 of 1st period - Slapshot by Jakob Silfverberg.
15:12 of 1st period - Goal by Jakob Silfverberg - Panthers : 0 - Rangers : 1.
15:13 of 1st period - Patrice Bergeron wins face-off versus Cory Emmerton in neutral zone.
15:24 of 1st period - Wrist shot by Milan Lucic.
15:24 of 1st period - Stopped by Antti Niemi with a rebound.
15:40 of 1st period - Ian White is hit by Valtteri Filppula.
16:10 of 1st period - Snap shot by Jakob Silfverberg.
16:10 of 1st period - Shot Misses the Net.
16:12 of 1st period - Slapshot by Alexei Emelin.
16:12 of 1st period - Stopped by Antti Niemi without a rebound.
16:13 of 1st period - Patrice Bergeron wins face-off versus Shawn Horcoff in Panthers zone.
16:14 of 1st period - Wrist shot by Milan Lucic.
16:14 of 1st period - Shot Misses the Net.
16:16 of 1st period - Slapshot by James Neal.
16:16 of 1st period - Shot Misses the Net.
16:21 of 1st period - Minor Penalty to Erik Gudbranson for Tripping.
16:22 of 1st period - Patrice Bergeron wins face-off versus Brayden Schenn in Panthers zone.
16:24 of 1st period - Wrist shot by Milan Lucic.
16:24 of 1st period - Goal by Milan Lucic - Panthers : 0 - Rangers : 2.
16:25 of 1st period - Patrice Bergeron wins face-off versus Cory Emmerton in neutral zone.
17:00 of 1st period - Icing by Cam Barker.
17:01 of 1st period - Stephen Weiss wins face-off versus Brayden Schenn in Rangers zone.
17:14 of 1st period - Wrist shot by Brayden Schenn.
17:14 of 1st period - Shot Misses the Net.
17:16 of 1st period - Slapshot by Michal Rozsival.
17:16 of 1st period - Stopped by Henrik Lundqvist with a rebound.
17:56 of 1st period - Snap shot by Michal Rozsival.
17:56 of 1st period - Stopped by Henrik Lundqvist without a rebound.
17:57 of 1st period - Shawn Horcoff wins face-off versus Stephen Weiss in Rangers zone.
18:53 of 1st period - Snap shot by Matt Read.
18:53 of 1st period - Deflect By Nathan Gerbe.
18:53 of 1st period - Shot Blocked by Erik Gudbranson.
18:53 of 1st period - Puck is out of play.
18:54 of 1st period - Patrice Bergeron wins face-off versus Drew Stafford in Panthers zone.
18:59 of 1st period - Wrist shot by James Neal.
18:59 of 1st period - Shot Misses the Net.
Goals for this period are 0 for Panthers vs 2 for Rangers.
Shots for this period are 7 for Panthers vs 5 for Rangers.

2nd period


0:01 of 2nd period - Cory Emmerton wins face-off versus Patrice Bergeron in neutral zone.
0:15 of 2nd period - Michal Rozsival is hit by Mark Fistric and loses puck.
0:26 of 2nd period - Mark Fistric is hit by Shawn Horcoff and loses puck.
0:41 of 2nd period - Wrist shot by James Neal.
0:41 of 2nd period - Shot Blocked by Shawn Horcoff.
0:43 of 2nd period - Slapshot by James Neal.
0:43 of 2nd period - Shot Blocked by Patrick Marleau.
0:45 of 2nd period - Snap shot by Matt Greene.
0:45 of 2nd period - Shot Misses the Net.
0:47 of 2nd period - Slapshot by Matt Greene.
0:47 of 2nd period - Stopped by Antti Niemi without a rebound.
0:48 of 2nd period - Cory Emmerton wins face-off versus Stephen Weiss in Panthers zone.
0:54 of 2nd period - Off-side.
0:55 of 2nd period - Stephen Weiss wins face-off versus Cory Emmerton in neutral zone.
1:03 of 2nd period - Slapshot by Brendan Smith.
1:03 of 2nd period - Stopped by Henrik Lundqvist with a rebound.
1:05 of 2nd period - Slapshot by Drew Stafford.
1:05 of 2nd period - Stopped by Henrik Lundqvist with a rebound.
1:07 of 2nd period - Snap shot by Daniel Sedin.
1:07 of 2nd period - Shot Blocked by Cam Barker.
1:09 of 2nd period - Snap shot by Erik Gudbranson.
1:09 of 2nd period - Deflect By Drew Stafford.
1:09 of 2nd period - Stopped by Henrik Lundqvist with a rebound.
1:11 of 2nd period - Snap shot by Brendan Smith.
1:11 of 2nd period - Stopped by Henrik Lundqvist with a rebound.
1:33 of 2nd period - Backhand shot by Alexander Perezhogin.
1:33 of 2nd period - Stopped by Henrik Lundqvist with a rebound.
1:47 of 2nd period - Snap shot by Milan Lucic.
1:47 of 2nd period - Shot Misses the Net.
1:57 of 2nd period - Cam Barker is hit by Tomas Kopecky and loses puck.
2:10 of 2nd period - Wrist shot by Valtteri Filppula.
2:10 of 2nd period - Stopped by Antti Niemi with a rebound.
2:12 of 2nd period - Slapshot by Ryan Suter.
2:12 of 2nd period - Shot Misses the Net.
2:14 of 2nd period - Snap shot by Alex Tanguay.
2:14 of 2nd period - Shot Misses the Net.
2:16 of 2nd period - Wrist shot by Darren Reid.
2:16 of 2nd period - Stopped by Antti Niemi with a rebound.
2:18 of 2nd period - Snap shot by Alex Tanguay.
2:18 of 2nd period - Deflect By Darren Reid.
2:18 of 2nd period - Shot Blocked by Michal Rozsival.
2:18 of 2nd period - Puck is out of play.
2:19 of 2nd period - Shawn Horcoff wins face-off versus Sean Couturier in Panthers zone.
2:19 of 2nd period - Shawn Horcoff is hit by Nathan Gerbe.
2:27 of 2nd period - Slapshot by Jonathan Sigalet.
2:27 of 2nd period - Stopped by Henrik Lundqvist without a rebound.
2:28 of 2nd period - Matt Read wins face-off versus Shawn Horcoff in Rangers zone.
2:30 of 2nd period - Minor Penalty to Matt Greene for Hooking.
2:31 of 2nd period - Cory Emmerton wins face-off versus Milan Lucic in Rangers zone.
2:45 of 2nd period - Slapshot by Ian White.
2:45 of 2nd period - Deflect By Milan Lucic.
2:45 of 2nd period - Stopped by Henrik Lundqvist without a rebound.
2:46 of 2nd period - Milan Lucic wins face-off versus Drew Stafford in Rangers zone.
2:46 of 2nd period - Milan Lucic is hit by Daniel Sedin.
3:47 of 2nd period - Snap shot by Jakob Silfverberg.
3:47 of 2nd period - Shot Misses the Net.
4:18 of 2nd period - Drew Stafford is hit by Alex Tanguay.
4:30 of 2nd period - Penalty to Matt Greene is over, Matt Greene is back on ice.
5:01 of 2nd period - Off-side.
5:02 of 2nd period - Sean Couturier wins face-off versus Alexander Perezhogin in neutral zone.
5:38 of 2nd period - Slapshot by James Neal.
5:38 of 2nd period - Shot Misses the Net.
6:14 of 2nd period - Slapshot by Michal Rozsival.
6:14 of 2nd period - Shot Blocked by Cam Barker.
6:18 of 2nd period - Wrist shot by Drew Stafford.
6:18 of 2nd period - Shot Misses the Net.
6:28 of 2nd period - Minor Penalty to Stephen Weiss for Holding Stick.
6:29 of 2nd period - Milan Lucic wins face-off versus Cory Emmerton in Rangers zone.
6:59 of 2nd period - Icing by Ian White.
7:00 of 2nd period - Brayden Schenn wins face-off versus Patrice Bergeron in Panthers zone.
7:00 of 2nd period - Brayden Schenn is hit by Patrice Bergeron.
7:16 of 2nd period - Snap shot by Jeff Tambellini.
7:16 of 2nd period - Stopped by Henrik Lundqvist with a rebound.
7:18 of 2nd period - Snap shot by Tomas Kopecky.
7:18 of 2nd period - Goal by Tomas Kopecky - Panthers : 1 - Rangers : 2.
7:19 of 2nd period - Drew Stafford wins face-off versus Patrice Bergeron in neutral zone.
7:28 of 2nd period - Minor Penalty to Milan Lucic for Interference.
7:29 of 2nd period - Cory Emmerton wins face-off versus Patrice Bergeron in Rangers zone.
7:43 of 2nd period - Snap shot by Cam Barker.
7:43 of 2nd period - Shot Blocked by Ian White.
7:45 of 2nd period - Slapshot by James Neal.
7:45 of 2nd period - Goal by James Neal - Panthers : 1 - Rangers : 3.
7:46 of 2nd period - Patrice Bergeron wins face-off versus Cory Emmerton in neutral zone.
7:49 of 2nd period - Slapshot by Cam Barker.
7:49 of 2nd period - Shot Blocked by Michal Rozsival.
8:20 of 2nd period - Snap shot by Brayden Schenn.
8:20 of 2nd period - Goal by Brayden Schenn - Panthers : 2 - Rangers : 3.
8:21 of 2nd period - Stephen Weiss wins face-off versus Daniel Sedin in neutral zone.
8:26 of 2nd period - Jakob Silfverberg is hit by Cory Emmerton and loses puck.
9:15 of 2nd period - Snap shot by George Parros.
9:15 of 2nd period - Shot Misses the Net.
9:17 of 2nd period - Wrist shot by George Parros.
9:17 of 2nd period - Stopped by Henrik Lundqvist without a rebound.
9:18 of 2nd period - Jonathan Matsumoto wins face-off versus Stephen Weiss in Rangers zone.
9:25 of 2nd period - Wrist shot by Daniel Paille.
9:25 of 2nd period - Stopped by Henrik Lundqvist with a rebound.
9:39 of 2nd period - Minor Penalty to Daniel Paille for Roughing.
9:40 of 2nd period - Brayden Schenn wins face-off versus Patrice Bergeron in Panthers zone.
10:26 of 2nd period - Icing by Stephen Weiss.
10:27 of 2nd period - Stephen Weiss wins face-off versus Brayden Schenn in Rangers zone.
10:37 of 2nd period - Snap shot by Mike Cammalleri.
10:37 of 2nd period - Shot Misses the Net.
10:39 of 2nd period - Slapshot by Alex Tanguay.
10:39 of 2nd period - Stopped by Antti Niemi with a rebound.
10:41 of 2nd period - Slapshot by Alex Tanguay.
10:41 of 2nd period - Shot Misses the Net.
10:43 of 2nd period - Slapshot by Alex Tanguay.
10:43 of 2nd period - Shot Misses the Net.
10:45 of 2nd period - Snap shot by Jakob Silfverberg.
10:45 of 2nd period - Stopped by Antti Niemi with a rebound.
10:47 of 2nd period - Slapshot by Alex Tanguay.
10:47 of 2nd period - Shot Misses the Net.
10:49 of 2nd period - Snap shot by Cam Barker.
10:49 of 2nd period - Deflect By Jakob Silfverberg.
10:49 of 2nd period - Stopped by Antti Niemi with a rebound.
10:51 of 2nd period - Snap shot by Stephen Weiss.
10:51 of 2nd period - Stopped by Antti Niemi without a rebound.
10:52 of 2nd period - Patrick Marleau wins face-off versus Patrice Bergeron in Panthers zone.
11:39 of 2nd period - Penalty to Daniel Paille is over, Daniel Paille is back on ice.
11:41 of 2nd period - Snap shot by Daniel Sedin.
11:41 of 2nd period - Shot Blocked by Cam Barker.
11:53 of 2nd period - Matthew Spiller is hit by Nathan Gerbe and loses puck.
12:04 of 2nd period - Stephen Weiss is hit by Daniel Sedin and loses puck.
12:14 of 2nd period - Off-side.
12:15 of 2nd period - Shawn Horcoff wins face-off versus Valtteri Filppula in neutral zone.
12:42 of 2nd period - Slapshot by Stephen Weiss.
12:42 of 2nd period - Stopped by Antti Niemi without a rebound.
12:43 of 2nd period - Stephen Weiss wins face-off versus Cory Emmerton in Panthers zone.
12:54 of 2nd period - Alexei Emelin is hit by Daniel Sedin and loses puck.
13:09 of 2nd period - Wrist shot by Milan Lucic.
13:09 of 2nd period - Stopped by Antti Niemi without a rebound.
13:10 of 2nd period - Patrice Bergeron wins face-off versus Jonathan Matsumoto in Panthers zone.
13:17 of 2nd period - Wrist shot by Patrice Bergeron.
13:17 of 2nd period - Shot Misses the Net.
13:25 of 2nd period - Wrist shot by George Parros.
13:25 of 2nd period - Shot Hit the Post.
13:54 of 2nd period - Jeff Tambellini is hit by Ryan Suter.
14:21 of 2nd period - Minor Penalty to Patrick Marleau for High sticking.
14:22 of 2nd period - Patrice Bergeron wins face-off versus Brayden Schenn in Panthers zone.
16:21 of 2nd period - Penalty to Patrick Marleau is over, Patrick Marleau is back on ice.
16:23 of 2nd period - Michal Rozsival is hit by Darren Reid and loses puck.
16:31 of 2nd period - Icing by Brendan Smith.
16:32 of 2nd period - Sean Couturier wins face-off versus Brayden Schenn in Panthers zone.
16:57 of 2nd period - Snap shot by Stephen Weiss.
16:57 of 2nd period - Shot Misses the Net.
17:07 of 2nd period - Snap shot by Valtteri Filppula.
17:07 of 2nd period - Shot Blocked by Matthew Spiller.
18:31 of 2nd period - Wrist shot by Daniel Paille.
18:31 of 2nd period - Shot Blocked by Sean Couturier.
18:33 of 2nd period - Slapshot by Jonathan Sigalet.
18:33 of 2nd period - Shot Misses the Net.
18:35 of 2nd period - Slapshot by Jonathan Sigalet.
18:35 of 2nd period - Shot Misses the Net.
18:37 of 2nd period - Slapshot by Daniel Paille.
18:37 of 2nd period - Shot Misses the Net.
18:39 of 2nd period - Wrist shot by Matthew Spiller.
18:39 of 2nd period - Deflect By George Parros.
18:39 of 2nd period - Shot Misses the Net.
18:39 of 2nd period - Puck is out of play.
18:40 of 2nd period - Cory Emmerton wins face-off versus Patrice Bergeron in Rangers zone.
18:57 of 2nd period - Snap shot by James Neal.
18:57 of 2nd period - Shot Misses the Net.
19:07 of 2nd period - Cam Barker is hit by Brayden Schenn and loses puck.
19:34 of 2nd period - Snap shot by Darren Reid.
19:34 of 2nd period - Shot Blocked by Michal Rozsival.
19:46 of 2nd period - Minor Penalty to Darren Reid for Holding.
19:47 of 2nd period - Cory Emmerton wins face-off versus Milan Lucic in Rangers zone.
19:52 of 2nd period - Wrist shot by Drew Stafford.
19:52 of 2nd period - Stopped by Henrik Lundqvist with a rebound.
Goals for this period are 2 for Panthers vs 1 for Rangers.
Shots for this period are 13 for Panthers vs 10 for Rangers.

3rd period


0:01 of 3rd period - Milan Lucic wins face-off versus Cory Emmerton in neutral zone.
0:26 of 3rd period - James Neal is hit by Tomas Kopecky.
1:46 of 3rd period - Penalty to Darren Reid is over, Darren Reid is back on ice.
1:57 of 3rd period - Shawn Horcoff is hit by Matt Read and loses puck.
2:06 of 3rd period - Minor Penalty to Shawn Horcoff for Hooking.
2:07 of 3rd period - Brayden Schenn wins face-off versus Patrice Bergeron in Panthers zone.
2:07 of 3rd period - Brayden Schenn is hit by Patrice Bergeron.
2:19 of 3rd period - Wrist shot by Milan Lucic.
2:19 of 3rd period - Stopped by Antti Niemi with a rebound.
2:23 of 3rd period - Backhand shot by James Neal.
2:23 of 3rd period - Goal by James Neal - Panthers : 2 - Rangers : 4.
2:23 of 3rd period - Petr Mrazek enters game.
2:24 of 3rd period - Patrice Bergeron wins face-off versus Cory Emmerton in neutral zone.
2:56 of 3rd period - Backhand shot by Stephen Weiss.
2:56 of 3rd period - Shot Misses the Net.
2:58 of 3rd period - Slapshot by Mark Fistric.
2:58 of 3rd period - Deflect By Jakob Silfverberg.
2:58 of 3rd period - Shot Misses the Net.
2:58 of 3rd period - Puck is out of play.
2:59 of 3rd period - Cory Emmerton wins face-off versus Patrice Bergeron in Panthers zone.
2:59 of 3rd period - Cory Emmerton is hit by Patrice Bergeron.
3:11 of 3rd period - Wrist shot by Milan Lucic.
3:11 of 3rd period - Shot Misses the Net.
3:13 of 3rd period - Slapshot by Milan Lucic.
3:13 of 3rd period - Shot Blocked by Erik Gudbranson.
3:15 of 3rd period - Slapshot by Patrice Bergeron.
3:15 of 3rd period - Deflect By James Neal.
3:15 of 3rd period - Shot Misses the Net.
3:15 of 3rd period - Puck is out of play.
3:16 of 3rd period - Stephen Weiss wins face-off versus Brayden Schenn in Panthers zone.
3:29 of 3rd period - Mike Cammalleri is hit by Brayden Schenn and loses puck.
4:39 of 3rd period - Jeff Tambellini is hit by Sean Couturier and loses puck.
5:03 of 3rd period - Icing by Matthew Spiller.
5:04 of 3rd period - Milan Lucic wins face-off versus Cory Emmerton in Panthers zone.
5:19 of 3rd period - Wrist shot by Daniel Sedin.
5:19 of 3rd period - Shot Misses the Net.
5:21 of 3rd period - Snap shot by Daniel Sedin.
5:21 of 3rd period - Stopped by Henrik Lundqvist without a rebound.
5:22 of 3rd period - Brayden Schenn wins face-off versus Stephen Weiss in Rangers zone.
5:31 of 3rd period - Snap shot by Tomas Kopecky.
5:31 of 3rd period - Stopped by Henrik Lundqvist with a rebound.
5:33 of 3rd period - Wrist shot by Ian White.
5:33 of 3rd period - Deflect By Jeff Tambellini.
5:33 of 3rd period - Shot Misses the Net.
5:33 of 3rd period - Puck is out of play.
5:34 of 3rd period - Cory Emmerton wins face-off versus Patrice Bergeron in Rangers zone.
5:52 of 3rd period - Minor Penalty to Cory Emmerton for Interference.
5:53 of 3rd period - Patrice Bergeron wins face-off versus Brayden Schenn in Panthers zone.
5:59 of 3rd period - Snap shot by James Neal.
5:59 of 3rd period - Shot Misses the Net.
6:01 of 3rd period - Snap shot by Milan Lucic.
6:01 of 3rd period - Shot Blocked by Brayden Schenn.
6:03 of 3rd period - Slapshot by Alex Tanguay.
6:03 of 3rd period - Shot Misses the Net.
6:05 of 3rd period - Slapshot by Alex Tanguay.
6:05 of 3rd period - Stopped by Petr Mrazek with a rebound.
6:07 of 3rd period - Slapshot by Cam Barker.
6:07 of 3rd period - Deflect By Drew Stafford.
6:07 of 3rd period - Stopped by Petr Mrazek with a rebound.
6:09 of 3rd period - Snap shot by Cam Barker.
6:09 of 3rd period - Shot Blocked by Michal Rozsival.
6:23 of 3rd period - Snap shot by Cam Barker.
6:23 of 3rd period - Shot Blocked by Shawn Horcoff.
6:45 of 3rd period - Matthew Spiller is hit by James Neal.
7:05 of 3rd period - Milan Lucic is hit by Daniel Paille.
7:52 of 3rd period - Penalty to Cory Emmerton is over, Cory Emmerton is back on ice.
7:57 of 3rd period - Cory Emmerton is hit by Nathan Gerbe and loses puck.
8:40 of 3rd period - Off-side.
8:41 of 3rd period - Patrice Bergeron wins face-off versus Jonathan Matsumoto in neutral zone.
8:49 of 3rd period - Minor Penalty to Patrice Bergeron for Holding.
8:50 of 3rd period - Brayden Schenn wins face-off versus Milan Lucic in Rangers zone.
8:50 of 3rd period - Slapshot by Jeff Tambellini.
8:50 of 3rd period - Stopped by Henrik Lundqvist without a rebound.
8:51 of 3rd period - Milan Lucic wins face-off versus Brayden Schenn in Rangers zone.
8:51 of 3rd period - Milan Lucic is hit by Michal Rozsival.
9:01 of 3rd period - Slapshot by Michal Rozsival.
9:01 of 3rd period - Shot Blocked by Mark Fistric.
9:03 of 3rd period - Slapshot by Ian White.
9:03 of 3rd period - Shot Blocked by Mark Fistric.
9:20 of 3rd period - Icing by Cory Emmerton.
9:21 of 3rd period - Milan Lucic wins face-off versus Cory Emmerton in Panthers zone.
9:38 of 3rd period - Snap shot by Drew Stafford.
9:38 of 3rd period - Deflect By Cory Emmerton.
9:38 of 3rd period - Stopped by Henrik Lundqvist without a rebound.
9:39 of 3rd period - Sean Couturier wins face-off versus Brayden Schenn in Rangers zone.
9:39 of 3rd period - Sean Couturier is hit by Brayden Schenn.
10:09 of 3rd period - Snap shot by Jakob Silfverberg.
10:09 of 3rd period - Shot Misses the Net.
10:49 of 3rd period - Penalty to Patrice Bergeron is over, Patrice Bergeron is back on ice.
10:53 of 3rd period - Snap shot by Patrice Bergeron.
10:53 of 3rd period - Shot Misses the Net.
10:55 of 3rd period - Slapshot by Matt Greene.
10:55 of 3rd period - Deflect By Sean Couturier.
10:55 of 3rd period - Shot Misses the Net.
10:55 of 3rd period - Puck is out of play.
10:56 of 3rd period - Valtteri Filppula wins face-off versus Brayden Schenn in Panthers zone.
11:02 of 3rd period - Off-side.
11:03 of 3rd period - Valtteri Filppula wins face-off versus Shawn Horcoff in neutral zone.
11:30 of 3rd period - Snap shot by Daniel Sedin.
11:30 of 3rd period - Deflect By Cory Emmerton.
11:30 of 3rd period - Shot Misses the Net.
11:30 of 3rd period - Puck is out of play.
11:31 of 3rd period - Cory Emmerton wins face-off versus Patrice Bergeron in Rangers zone.
11:34 of 3rd period - Wrist shot by Daniel Sedin.
11:34 of 3rd period - Shot Misses the Net.
11:43 of 3rd period - Icing by Michal Rozsival.
11:44 of 3rd period - Cory Emmerton wins face-off versus Patrice Bergeron in Panthers zone.
12:15 of 3rd period - Snap shot by Jeff Tambellini.
12:15 of 3rd period - Stopped by Henrik Lundqvist with a rebound.
12:20 of 3rd period - Off-side.
12:21 of 3rd period - Patrice Bergeron wins face-off versus Brayden Schenn in neutral zone.
12:28 of 3rd period - Snap shot by Milan Lucic.
12:28 of 3rd period - Stopped by Petr Mrazek without a rebound.
12:29 of 3rd period - Brayden Schenn wins face-off versus Patrice Bergeron in Panthers zone.
12:44 of 3rd period - Wrist shot by Milan Lucic.
12:44 of 3rd period - Stopped by Petr Mrazek without a rebound.
12:45 of 3rd period - Jakob Silfverberg wins face-off versus Cory Emmerton in Panthers zone.
12:50 of 3rd period - Snap shot by Jakob Silfverberg.
12:50 of 3rd period - Shot Blocked by Ian White.
12:52 of 3rd period - Wrist shot by Mike Cammalleri.
12:52 of 3rd period - Goal by Mike Cammalleri - Panthers : 2 - Rangers : 5.
12:53 of 3rd period - Cory Emmerton wins face-off versus Patrice Bergeron in neutral zone.
14:11 of 3rd period - Wrist shot by Drew Stafford.
14:11 of 3rd period - Deflect By Cory Emmerton.
14:11 of 3rd period - Shot Misses the Net.
14:11 of 3rd period - Puck is out of play.
14:12 of 3rd period - Cory Emmerton wins face-off versus Stephen Weiss in Rangers zone.
14:38 of 3rd period - Minor Penalty to Erik Gudbranson for Unsportsmanlike conduct.
14:39 of 3rd period - Patrice Bergeron wins face-off versus Brayden Schenn in Panthers zone.
14:49 of 3rd period - Slapshot by Alex Tanguay.
14:49 of 3rd period - Shot Blocked by Michal Rozsival.
14:53 of 3rd period - Wrist shot by Milan Lucic.
14:53 of 3rd period - Shot Misses the Net.
16:38 of 3rd period - Penalty to Erik Gudbranson is over, Erik Gudbranson is back on ice.
18:03 of 3rd period - Darren Reid is hit by Shawn Horcoff and loses puck.
18:16 of 3rd period - Erik Gudbranson is hit by Staffan Kronwall.
19:03 of 3rd period - Wrist shot by Shawn Horcoff.
19:03 of 3rd period - Deflect By Alexander Perezhogin.
19:03 of 3rd period - Stopped by Henrik Lundqvist without a rebound.
19:04 of 3rd period - Patrice Bergeron wins face-off versus Shawn Horcoff in Rangers zone.
19:13 of 3rd period - Alexander Perezhogin is hit by James Neal and loses puck.
19:26 of 3rd period - Nathan Gerbe is hit by Brayden Schenn and loses puck.
Goals for this period are 0 for Panthers vs 2 for Rangers.
Shots for this period are 6 for Panthers vs 7 for Rangers.